 Dungeon Crawl Stone Soup version 0.31-a0-521-gc7390f8997 (webtiles) character file.

Game seed: 6640994011211133022

84 javelincjr the Sneak (level 4, -1/27 HPs)
             Began as an Octopode Hedge Wizard on Aug 10, 2023.
             Shot with an arrow by a centaur (8 damage)
             ... on level 4 of the Dungeon.
             The game lasted 00:05:55 (3212 turns).

javelincjr the Sneak (Octopode Hedge Wizard)        Turns: 3212, Time: 00:05:56

Health: -1/27      AC:  1    Str:  9    XL:     4   Next: 46%
Magic:  8/9        EV: 12    Int: 18    God:
Gold:   121        SH:  3    Dex: 11    Spells: 4/9 levels left

rFire   . . .        j - +0 short sword (vamp)
rCold   . . .        s - +0 buckler
rNeg    . . .        b - +0 hat
rPois   .            (no amulet)
rElec   .            (no ring)
rCorr   .            (no ring)
SInv    .            (no ring)
Will    .....        (no ring)
Stlth   +++          (no ring)
HPRegen 0.24/turn    (no ring)
MPRegen 0.11/turn    (no ring)
                     (no ring)

%: no passive effects
@: no status effects
A: almost no armour, amphibious, 8 rings, camouflage 1, gelatinous body 1,
(nimble swimmer 1), tentacles
a: no special abilities


You were on level 4 of the Dungeon.
You visited 1 branch of the dungeon, and saw 4 of its levels.

You collected 121 gold pieces.

Inventory:

Hand Weapons
 a - a +0 dagger
 j - a +0 vampiric short sword (weapon)
 m - a +1 dagger of venom
Missiles
 n - 14 poisoned darts
 q - 10 javelins
Armour
 b - a +0 hat (worn)
 s - a +0 buckler (worn)
Scrolls
 f - 2 scrolls of enchant weapon {unknown}
 g - 2 scrolls of fear {unknown}
 h - 6 scrolls of identify {unknown}
 i - a scroll of revelation {unknown}
 p - a scroll of fog {unknown}
 r - a scroll of blinking {unknown}
 t - a scroll of enchant armour {unknown}
Potions
 c - a potion of magic
 d - a potion of might {unknown}
 e - a potion of mutation {unknown}
 k - 2 potions of curing {unknown}
 l - 2 potions of haste {unknown}
 o - a potion of heal wounds {unknown}
 u - 2 potions of ambrosia {unknown}


   Skills:
 + Level 0.8 Fighting
 + Level 0.2 Short Blades
 + Level 2.5 Dodging
 + Level 3.4 Stealth
 + Level 0.1 Shields
 + Level 3.3 Spellcasting
 + Level 1.6 Conjurations
 + Level 1.6 Summonings
 + Level 1.6 Translocations


You had 4 spell levels left.
You knew the following spells:

 Your Spells              Type           Power      Damage    Failure   Level
a - Magic Dart            Conj           36%        1d4       12%         1
b - Blink                 Tloc           16%        N/A       19%         2
c - Call Imp              Summ           16%        N/A       19%         2

Your spell library contained the following spells:

 Spells                   Type           Power      Damage    Failure   Level
 Slow                     Hex            12%        N/A       24%         1
 Cigotuvi's Dreadful Rot  Necr/Pois/Air  6%         N/A       36%         2
 Mephitic Cloud           Conj/Pois/Air  5%         N/A       52%         3


Dungeon Overview and Level Annotations

Branches:
Dungeon (4/15)
 Temple: D:4-7

Altars:
Trog


Innate Abilities, Weirdness & Mutations

You cannot wear most types of armour.
You are amphibious.
You can wear up to eight rings at the same time.
Your skin changes colour to match your surroundings (Stealth+).
Your rubbery body absorbs attacks. (AC +1, EV +1)
((You are camouflaged when in or above water. (Stealth+)))
You have tentacles for arms and can constrict up to eight enemies at once.


Message History

Found 8 gold pieces.
Casting: Magic Dart (safe; 12% risk of failure)
Confirm with . or Enter, or press ? or * to list all spells.
A tiny devil pulls itself out of the air.
The helpless centaur fails to defend itself.
You hit the centaur. Your squeeze misses the centaur.
The centaur is lightly wounded.
The centaur barely misses you.
The centaur kicks you but does no damage.
Your cerulean imp barely misses the centaur.
The centaur hits you but does no damage.
The centaur kicks you.
You hit the centaur but do no damage.
The centaur is lightly wounded.
The centaur barely misses you. The centaur closely misses you.
Your cerulean imp hits the centaur from afar with a -4 spear.
You barely miss the centaur.
The centaur is lightly wounded.
The centaur hits you. The centaur closely misses you.
Your cerulean imp hits the centaur from afar with a -4 spear.
The centaur hits you. The centaur kicks you.
You hit the centaur but do no damage. Your squeeze misses the centaur.
The centaur is lightly wounded.
The centaur hits you! You block the centaur's attack.
Your cerulean imp barely misses the centaur.
The centaur hits you but does no damage.
The centaur kicks you.
* * * LOW HITPOINT WARNING * * *
You are too injured to fight recklessly!
You swap places.
Your cerulean imp completely misses the centaur.
The centaur completely misses your cerulean imp.
The centaur closely misses your cerulean imp.
Casting: Call Imp (safe; 19% risk of failure)
Confirm with . or Enter, or press ? or * to list all spells.
Okay, then.
The centaur wields a +0 orcbow.
The centaur shoots an arrow.
The arrow closely misses your cerulean imp.
The arrow hits you!
You die...

##.......... .
##########...#####.##
#
................##.#
# ######..#...##.##.#
# #..##.###.##.#####
#..##.###.##.#....
#..##........#.###
#..######.#.......
.########@.#
#.#....###
......c5...# #......#
# ####.####.##
###....# # #.# ##.#.#
# ... #.#.# # ....
#.#.# ##.#. #.#.#
.#.# #.#.# .# # .#


You could see a centaur (ally target) and a friendly cerulean imp (summoned).

Vanquished Creatures
  4 adders
  2 worms
  A dart slug (D:2)
  An orc (D:3)
  A bat (D:1)
  4 endoplasms
  2 giant cockroaches (D:1)
  3 hobgoblins
  2 jackals (D:1)
  7 kobolds
  4 ball pythons
  A frilled lizard (D:1)
  5 goblins
  4 rats
41 creatures vanquished.

Vanquished Creatures (collateral kills)
  A quokka (D:2)
1 creature vanquished.

Grand Total: 42 creatures vanquished

Notes
Turn   | Place    | Note
-------+----------+-------------------------------------------
     0 | D:1      | javelincjr the Octopode Hedge Wizard began the quest for
                  | the Orb.
     0 | D:1      | Reached XP level 1. HP: 11/11 MP: 4/4
   258 | D:1      | Reached XP level 2. HP: 17/17 MP: 1/6
   841 | D:1      | Learned a level 2 spell: Blink
   844 | D:1      | Learned a level 2 spell: Call Imp
  1304 | D:2      | Reached XP level 3. HP: 21/21 MP: 2/7
  1844 | D:2      | Reached XP level 4. HP: 22/27 MP: 4/8
  2282 | D:2      | Found a bloodstained altar of Trog.
  2741 | D:3      | Found a faded altar of an unknown god.
  3203 | D:4      | Noticed a centaur
  3212 | D:4      | Shot with an arrow by a centaur

Illustrated notes

Levels and vault maps discovered:
D:1:      ncdulo_smallfort, layout_basic
D:2:      layout_basic, basic_altar, hangedman_decor_lopped
D:3:      layout_basic, basic_ecumenical_altar
D:4:      layout_loops_ring, uniq_duvessa

Skill      XL: |  1  2 |
---------------+-------+-----
Stealth        | 3 |  3.4
Fighting       | |  0.8
Short Blades   | |  0.2
Dodging        | |  2.5
Shields        | |  0.1
Spellcasting   | |  3.3
Conjurations   | |  1.6
Summonings     | |  1.6
Translocations | |  1.6

Action                     |  1- 3 |  4- 6 || total
---------------------------+-------+-------++-------
  Melee: Dagger            |    20 |       ||    20
         Tentacles         |     3 |     5 ||     8
         Constrict         |     7 |     4 ||    11
         Short sword       |     5 |    22 ||    27
   Cast: Magic Dart        |    56 |    15 ||    71
         Call Imp          |    10 |     2 ||    12
   Stab: Sleeping          |     2 |     5 ||     7
 Armour: Skin              |     5 |     3 ||     8
  Dodge: Dodged            |    15 |     7 ||    22
  Block: Buckler           |       |     6 ||     6

Table legend: (Time is in decaauts)
 A = Elapsed time spent in this place.
 B = Non-inter-level travel time spent in this place.
 C = Inter-level travel time spent in this place.
 D = Time resting spent in this place.
 E = Time spent auto-exploring this place.
 F = Levels seen in this place.
 G = Mean time per level.
                   A        B        C        D        E       F      G
               +--------+--------+--------+--------+--------+-----+--------+
         Total |   3211 |   3159 |     52 |      4 |   2823 |   4 |  802.8 |
       Dungeon |   3211 |   3159 |     52 |      4 |   2823 |   4 |  802.8 |
               +--------+--------+--------+--------+--------+-----+--------+

Top non-repeatable levels by time:
     D:1: 1300 daAuts
     D:2: 1029 daAuts
     D:3: 709 daAuts
     D:4: 173 daAuts
